 Dungeon Crawl Stone Soup version 0.30.0-18-gc0e69614cb (webtiles) character file.

Game seed: 11273922342960258942

31 ChrisAssaf the Firebug (level 3, -8/27 HPs)
             Began as a Draconian Fire Elementalist on May 23, 2023.
             Mangled by Crazy Yiuf
             ... wielding a +2 quarterstaff of chaos
              (16 damage)
             ... on level 2 of the Dungeon.
             The game lasted 00:03:09 (728 turns).

ChrisAssaf the Firebug (Draconian Fire Elementalist) Turns: 728, Time: 00:03:09

Health: -8/27      AC:  5    Str: 12    XL:     3   Next: 7%
Magic:  2/6        EV: 12    Int: 15    God:
Gold:   28         SH:  0    Dex: 11    Spells: 0/6 levels left

rFire   . . .        (no weapon)
rCold   . . .        (no shield)
rNeg    . . .        (body armour unavailable)
rPois   .            (helmet restricted)
rElec   .            (no cloak)
rCorr   .            (no gloves)
SInv    .            (no boots)
Will    .....        (no amulet)
Stlth   ++           (no ring)
HPRegen 0.24/turn    (no ring)
MPRegen 0.10/turn

%: no passive effects
@: on berserk cooldown, slowed, very slow
A: AC +5, unfitting armour, cold-blooded
a: no special abilities


You were on level 2 of the Dungeon.
You visited 1 branch of the dungeon, and saw 2 of its levels.

You collected 28 gold pieces.

Inventory:

Missiles
 a - 3 poisoned darts
Scrolls
 d - a scroll of silence {unknown}
 f - a scroll of vulnerability {unknown}
 h - a scroll of amnesia {unknown}


   Skills:
 * Level 0.8 Fighting
 * Level 0.1 Throwing
 * Level 1.9 Dodging
 * Level 1.8 Stealth
 * Level 0.4 Unarmed Combat
 * Level 2.3 Spellcasting
 * Level 1.2 Conjurations
 * Level 3.4 Fire Magic


You couldn't memorise any spells.
You knew the following spells:

 Your Spells              Type           Power      Damage    Failure   Level
a - Foxfire               Conj/Fire      32%        2x1d5     9%          1
b - Scorch                Fire           24%        2d6       8%          2
c - Volatile Blastmotes   Fire/Tloc      12%        2d11      32%         3

Your spell library contained the following spells:

 Spells                   Type           Power      Damage    Failure   Level
 Inner Flame              Hex/Fire       6%         N/A       32%         3
 Flame Wave               Conj/Fire      8%         2d5       63%         4


Dungeon Overview and Level Annotations

Branches:
Dungeon (2/15)

Altars:

Annotations:
D:2 Crazy Yiuf


Innate Abilities, Weirdness & Mutations

Your plain brown scales are hard. (AC +5)
You cannot fit into any form of body armour.
You are cold-blooded and may be slowed by cold attacks.


Message History

As you read the scroll labelled WUISMO WYSUSEU, it crumbles to dust.
It is a scroll of enchant armour.
You aren't carrying any armour which can be enchanted further.
Crazy Yiuf hits you with a +2 quarterstaff of chaos.
You resist with some effort.
Blink to where?
Press: ? - help, Dir - move target
As you read the scroll labelled MYADEPO XATAU, it crumbles to dust.
It was a scroll of blinking.
It was a potion of berserk rage.
A red film seems to cover your vision as you go berserk!
You feel yourself moving faster!
You feel mighty!
Crazy Yiuf whimpers, "Defame leg sing!"
You feel a strong urge to attack something.
You feel your anger nearly subside.
You are no longer berserk.
You are exhausted.
You feel yourself slow down.
Crazy Yiuf grits, "Hack!"
Crazy Yiuf barely misses you.
You barely miss Crazy Yiuf.
Crazy Yiuf is moderately wounded.
Crazy Yiuf hits you with a +2 quarterstaff of chaos.
You are poisoned.
Crazy Yiuf barely misses you.
You completely miss Crazy Yiuf.
Crazy Yiuf is moderately wounded.
You feel sick. Crazy Yiuf hits you but does no damage.
You barely miss Crazy Yiuf.
Crazy Yiuf is moderately wounded.
You feel sick. Crazy Yiuf barely misses you. Crazy Yiuf misses you.
Unknown command.
You aren't carrying any potions.
You feel sick.
You feel sick.
You are no longer poisoned.
Crazy Yiuf says, "Goldfish!
Buddy high King."
Crazy Yiuf hits you with a +2 quarterstaff of chaos!
Ouch! That really hurt!
You die...

##### ##§§§######
##§§§§§§§..#
#.§§§#####.#
#....# #.# #.
♣....♣ #.# #.
♣...♣♣ #g# #.
♣♣.♣♣ #@#
########. ♣.♣♣
##.######
#......#. ♣♣.♣
#.......#
#.####.#. ♣g♣♣
#.....#.###.####
#. ♣♣.♣
###.#..........#
# #'#
#.###.###.##.#.##
...
#....<##.......#.
#...#
..######†......#.
#..)# ###
#.###.#.#.


You could see Crazy Yiuf.

Vanquished Creatures
  An adder (D:2)
  2 bats (D:1)
  2 endoplasms
  3 hobgoblins
  A quokka (D:1)
  2 ball pythons
  A frilled lizard (D:1)
  4 goblins
  2 kobolds (D:2)
  5 rats
23 creatures vanquished.

Vanquished Creatures (others)
  23 foxfires
23 creatures vanquished.

Grand Total: 46 creatures vanquished

Notes
Turn   | Place    | Note
-------+----------+-------------------------------------------
     0 | D:1      | ChrisAssaf the Draconian Fire Elementalist began the quest
                  | for the Orb.
     0 | D:1      | Reached XP level 1. HP: 14/14 MP: 3/3
   171 | D:1      | Reached XP level 2. HP: 16/20 MP: 0/5
   185 | D:1      | Learned a level 2 spell: Scorch
   523 | D:2      | Reached XP level 3. HP: 27/27 MP: 0/6
   694 | D:2      | Learned a level 3 spell: Volatile Blastmotes
   694 | D:2      | Found a runed translucent door.
   695 | D:2      | Noticed Crazy Yiuf
   728 | D:2      | Mangled by Crazy Yiuf

Illustrated notes

Levels and vault maps discovered:
D:1:      dpeg_arrival_snail, layout_rooms, basic_ecumenical_altar
D:2:      layout_loops_cross, minivault_27, minmay_fractal_squares_gapless_5,
          uniq_crazy_yiuf_cottage

Action                     || total
---------------------------++-------
  Melee: Unarmed           ||    11
         Tailslap          ||     1
   Cast: Foxfire           ||    13
         Scorch            ||    13
         Volatile Blastmot ||     1
    Use: Potion            ||     2
         Scroll            ||     3
 Armour: Skin              ||    10
  Dodge: Dodged            ||    36
